Map: Blackpink LE

Players

Trap - Winner!

  • Race: Protoss Protoss
  • Spawn Location: 1:00

Dark

  • Race: Zerg Zerg
  • Spawn Location: 7:00

Event: IEM Season 12 - Katowice

VOD

Have the link to the VOD?

Description

Time

  • Played on: March 3, 2018, 5:46 a.m.
  • Length: 33:16

All games in this series

Show
View Real Time Build Order
Export as new Build Order

Trap Protoss - Winner!

Build Orders: 1 Gate Expand, Oracle Opening, Phoenix Opening, Archon Immortal, Zealot Archon, Archon Drop 

Get SALT Encoding   

  12  0:00  Probe  
  13  0:12  Probe  
  14  0:19  Pylon  
  14  0:24  Probe  
  15  0:37  Probe (Chrono Boost)  
  16  0:45  Gateway  
  16  0:47  Probe (Chrono Boost)  
  17  0:52  Probe (Chrono Boost)  
  17  0:56  Assimilator  
  18  1:04  Probe  
  19  1:12  Pylon  
  19  1:16  Probe  
  20  1:30  Nexus  
  20  1:36  Cybernetics Core  
  20  1:40  Probe  
  21  1:47  Assimilator  
  21  1:52  Probe  
  22  1:55  Pylon  
  22  2:04  Probe  
  23  2:11  Adept (Chrono Boost)  
  25  2:16  Probe  
  25  2:20  Stargate  
  26  2:28  Probe  
  26  2:29  Warp Gate  
  27  2:32  Adept (Chrono Boost)  
  29  2:43  Probe (Chrono Boost)  
  31  2:44  Probe (Chrono Boost)  
  31  2:50  Adept  
  31  2:54  Probe (Chrono Boost)  
  31  2:56  Probe (Chrono Boost)  
  35  2:58  Probe (Chrono Boost)  
  35  3:03  Oracle (Chrono Boost)  
  35  3:05  Probe  
  40  3:15  Gateway  
  40  3:17  Probe x2  
  41  3:29  Probe x2, Pylon  
  43  3:36  Assimilator  
  43  3:40  Assimilator  
  43  3:41  Phoenix  
  45  3:46  Probe (Chrono Boost)  
  45  3:47  Probe (Chrono Boost)  
  47  3:50  Pylon  
  48  3:57  Probe (Chrono Boost)  
  48  3:58  Probe (Chrono Boost)  
  48  4:02  Probe (Chrono Boost)  
  49  4:07  Probe  
  49  4:09  Robotics Facility  
  51  4:14  Probe  
  52  4:19  Probe  
  52  4:20  Twilight Council  
  52  4:21  Pylon  
  53  4:26  Probe  
  54  4:31  Probe  
  54  4:35  Zealot x2  
  54  4:38  Probe  
  60  4:51  Gateway  
  60  4:52  Gateway  
  60  5:02  Templar Archives  
  60  5:04  Gateway  
  60  5:06  Charge (Chrono Boost)  
  60  5:07  Gateway  
  60  5:15  Pylon  
  60  5:16  Warp Prism (Chrono Boost)  
  62  5:27  Pylon  
  62  5:31  Nexus  
  62  5:37  Probe x2  
  64  5:45  Immortal  
  64  5:47  High Templar x2  
  64  5:48  High Templar x2  
  76  5:52  Archon x2  
  76  5:57  Probe x2  
  76  6:00  Forge  
  78  6:07  Robotics Facility  
  78  6:09  Probe x2  
  80  6:11  Zealot  
  80  6:13  Zealot  
  82  6:21  Probe  
  82  6:22  Probe  
  82  6:23  Zealot  
  84  6:34  Probe x2 (Chrono Boost)  
  86  6:41  Protoss Ground Weapons Level 1 (Chrono Boost)  
  86  6:43  Pylon  
  86  6:44  Probe (Chrono Boost)  
  86  6:46  Probe (Chrono Boost)  
  86  6:47  Probe (Chrono Boost)  
  93  6:50  Sentry x3, Immortal (Chrono Boost)  
  93  6:54  Probe x2 (Chrono Boost)  
  101  6:59  Probe x2 (Chrono Boost)  
  101  7:00  Pylon  
  104  7:01  Observer (Chrono Boost)  
  104  7:02  Pylon  
  104  7:05  Pylon  
  104  7:13  Shield Battery  
  104  7:15  Shield Battery  
  104  7:16  Immortal (Chrono Boost)  
  104  7:18  Assimilator  
  104  7:20  Assimilator  
  112  7:33  Probe x3, Immortal (Chrono Boost)  
  112  7:37  Pylon  
  115  7:38  Pylon  
  115  7:40  Psionic Storm  
  115  7:41  Pylon  
  115  7:45  Probe x3  
  115  7:50  Immortal (Chrono Boost)  
  122  8:02  Immortal (Chrono Boost)  
  122  8:05  High Templar x2  
  130  8:08  High Templar  
  130  8:09  Pylon  
  132  8:14  Photon Cannon  
  132  8:15  Pylon  
  132  8:32  Nexus  
  132  8:33  Pylon  
  132  8:39  High Templar  
  132  8:40  Immortal x2 (Chrono Boost), High Templar  
  144  8:43  Protoss Ground Weapons Level 2 (Chrono Boost)  
  144  8:44  Photon Cannon  
  144  8:53  Photon Cannon  
  144  9:02  Zealot x4  
  152  9:10  Gateway  
  152  9:11  Gateway  
  152  9:13  Observer  
  152  9:16  Immortal  
  157  9:24  Photon Cannon  
  157  9:25  Photon Cannon  
  157  9:27  High Templar x2  
  157  9:28  Zealot  
  163  9:31  Archon  
  161  9:41  Zealot x3  
  153  9:59  Zealot  
  151  10:03  High Templar x2  
  151  10:05  Zealot x3, Photon Cannon  
  157  10:07  Photon Cannon  
  157  10:13  Zealot x2  
  161  10:17  Probe  
  161  10:18  Probe x3, Assimilator  
  165  10:21  Assimilator  
  165  10:24  Immortal (Chrono Boost)  
  165  10:25  Immortal (Chrono Boost)  
  173  10:32  Phoenix (Chrono Boost)  
  175  10:37  Stalker  
  175  10:38  Stalker  
  177  10:43  Zealot x2  
  177  10:45  Zealot  
  177  10:47  Zealot  
  185  10:56  Immortal (Chrono Boost)  
  183  10:57  Zealot  
  171  11:04  Zealot x4  
  171  11:09  Probe x3  
  171  11:11  Warp Prism  
  164  11:14  Archon  
  164  11:17  Zealot x3  
  148  11:22  Stalker  
  141  11:33  Zealot x2  
  141  11:36  Zealot  
  140  11:44  Stalker  
  139  11:52  High Templar x2  
  139  11:53  High Templar x2  
  145  11:57  Archon x2, High Templar  
  145  11:58  High Templar  
  132  12:03  Archon  
  128  12:13  Zealot x2  
  83  12:26  Probe  
  83  12:27  Probe x3  
  85  12:30  High Templar  
  85  12:31  High Templar x2  
  85  12:35  Archon  
  80  12:43  Sentry  
  80  12:44  Sentry x2  
  84  12:45  High Templar  
  84  12:47  Probe  
  84  12:49  Archon  
  87  12:55  Stalker  
  87  13:04  Probe (Chrono Boost)  
  89  13:08  Probe (Chrono Boost)  
  89  13:09  Probe (Chrono Boost)  
  92  13:13  Probe (Chrono Boost)  
  92  13:14  Probe (Chrono Boost)  
  92  13:15  Probe (Chrono Boost)  
  79  13:20  High Templar  
  79  13:21  High Templar  
  79  13:24  High Templar  
  85  13:30  Sentry x2  
  85  13:32  Probe (Chrono Boost)  
  90  13:40  Probe (Chrono Boost)  
  93  13:43  Probe (Chrono Boost)  
  93  13:44  Probe (Chrono Boost)  
  93  13:45  Probe (Chrono Boost)  
  94  13:50  High Templar  
  94  13:52  Probe (Chrono Boost)  
  94  13:53  Probe (Chrono Boost)  
  94  13:54  Probe (Chrono Boost)  
  94  13:55  Probe (Chrono Boost)  
  100  14:05  High Templar x2  
  100  14:06  Zealot x2  
  100  14:08  Probe x2  
  100  14:09  Archon  
  110  14:13  Zealot  
  110  14:23  Probe x3  
  110  14:24  Probe  
  114  14:32  Stalker x2  
  114  14:33  Stalker  
  120  14:42  Probe x3 (Chrono Boost)  
  124  14:47  Probe (Chrono Boost)  
  124  14:51  Probe x3 (Chrono Boost)  
  124  14:52  Blink (Chrono Boost)  
  127  14:53  Immortal  
  127  14:55  Probe (Chrono Boost)  
  132  15:01  Probe x2  
  134  15:08  Zealot, High Templar x2  
  134  15:09  Protoss Ground Weapons Level 3 (Chrono Boost)  
  134  15:23  Zealot x4  
  134  15:28  Probe x4  
  145  15:41  Assimilator  
  145  15:42  High Templar x2  
  145  15:45  Pylon, Dark Shrine  
  145  15:47  Pylon, Archon  
  149  16:02  Immortal x2 (Chrono Boost)  
  156  16:06  Photon Cannon  
  156  16:09  Photon Cannon  
  156  16:20  Fleet Beacon  
  152  16:34  Stargate  
  152  16:36  Zealot  
  152  16:39  Zealot x3  
  154  16:40  Zealot x4  
  162  16:48  Warp Prism (Chrono Boost)  
  162  16:50  Gateway  
  162  16:52  Gateway  
  164  17:03  Dark Templar x2  
  164  17:07  Tempest (Chrono Boost)  
  172  17:22  Stargate, Protoss Air Weapons Level 1  
  178  17:24  Tempest (Chrono Boost)  
  162  17:35  Observer  
  162  17:36  Tempest (Chrono Boost)  
  163  17:39  Protoss Shields Level 1  
  170  17:59  Tempest (Chrono Boost)  
  170  18:02  Zealot x5  
  180  18:12  Oracle (Chrono Boost)  
  189  18:13  Tempest (Chrono Boost)  
  154  18:58  Nexus  
  154  19:04  Pylon  
  154  19:05  Pylon  
  158  19:26  Stalker x4  
  132  19:42  Archon  
  116  19:46  Stalker x2  
  116  19:47  Zealot x4  
  116  19:51  Zealot x3  
  112  20:02  Immortal x2 (Chrono Boost)  
  118  20:15  Zealot x3  
  118  20:16  Stalker x6  
  114  20:32  Warp Prism (Chrono Boost)  
  114  20:33  Immortal (Chrono Boost)  
  114  20:34  Zealot  
  88  21:06  High Templar x2  
  88  21:07  Zealot x5  
  88  21:08  Zealot x3  
  108  21:13  Archon  
  108  21:16  Observer (Chrono Boost)  
  109  21:29  Warp Prism (Chrono Boost)  
  107  21:40  High Templar x3  
  107  21:44  Dark Templar  
  115  21:50  Nexus  
  115  21:55  Stalker x3  
  115  21:56  Zealot x3  
  127  22:21  Stalker x5  
  120  22:45  Stalker x3  
  112  22:53  Archon  
  70  23:17  Stalker x5  
  76  23:28  High Templar x2  
  76  23:30  Assimilator  
  76  23:31  Assimilator  
  76  23:32  Pylon  
  78  23:39  High Templar  
  80  23:54  Zealot x2, Stalker x2  
  80  23:55  Stalker  
  82  24:01  Stalker x2  
  82  24:06  Stalker  
  84  24:13  Zealot x2  
  80  24:21  Archon  
  72  24:35  Stalker x2  
  72  24:36  Stalker x2  
  72  24:42  Zealot x2  
  72  24:54  Dark Templar  
  74  25:05  High Templar x2  
  78  25:13  Warp Prism (Chrono Boost)  
  83  25:14  Observer (Chrono Boost)  
  81  25:25  Zealot x4  
  81  25:27  High Templar x2  
  91  25:41  Dark Templar  
  93  25:52  Dark Templar x2  
  93  25:56  Archon  
  97  25:57  Photon Cannon  
  97  26:08  Dark Templar x2  
  100  26:13  Archon  
  100  26:16  Sentry  
  100  26:17  Immortal (Chrono Boost)  
  102  26:24  Immortal (Chrono Boost)  
  108  26:53  Stalker x3  
  112  26:54  Zealot x2  
  107  27:03  Observer (Chrono Boost)  
  106  27:12  Warp Prism (Chrono Boost)  
  106  27:13  Dark Templar  
  110  27:25  Immortal (Chrono Boost)  
  112  27:44  Immortal (Chrono Boost)  
  116  27:54  Immortal (Chrono Boost)  
  119  28:11  Observer (Chrono Boost)  
  116  28:13  Oracle (Chrono Boost)  
  119  28:25  Observer (Chrono Boost)  
  120  28:29  Immortal (Chrono Boost)  
  122  28:34  Nexus  
  122  28:39  Dark Templar  
  116  28:58  Dark Templar x2  
  120  29:09  Archon  
  114  29:19  Immortal (Chrono Boost)  
  110  29:32  Immortal (Chrono Boost)  
  112  29:42  Zealot  
  112  29:50  Immortal (Chrono Boost)  
  114  30:07  Immortal (Chrono Boost)  
  75  31:09  Probe x2  
  75  31:10  Probe x2  
  75  31:11  Probe  
  76  31:13  Zealot x2, High Templar x2  
  76  31:14  Zealot x4  
  92  31:21  Probe  
  92  31:22  Warp Prism (Chrono Boost)  
  92  31:31  Pylon  
  92  31:39  Zealot x5  
  81  31:53  Zealot x2  
  74  32:04  High Templar x2  
  74  32:15  Zealot x2  
  78  32:28  Zealot, High Templar  
  82  32:39  Observer (Chrono Boost)  
  83  32:47  Zealot x2  
  83  32:48  Zealot x3  
  89  33:07  Zealot x3  
  89  33:08  Zealot x2  
Show
View Real Time Build Order
Export as new Build Order

Dark Zerg 

Build Orders: Pool First, Roach Hydra 

Get SALT Encoding   

  12  0:00  Drone  
  13  0:12  Overlord  
  13  0:16  Drone  
  14  0:31  Drone x2  
  16  0:36  Drone  
  17  0:50  Drone, Spawning Pool  
  17  0:51  Extractor  
  17  0:56  Drone  
  17  1:08  Drone  
  18  1:18  Drone  
  19  1:31  Hatchery  
  18  1:33  Drone  
  18  1:39  Queen, Zergling x2  
  22  1:51  Metabolic Boost  
  22  1:55  Overlord  
  22  2:14  Drone x2  
  22  2:15  Queen  
  26  2:33  Drone  
  26  2:35  Drone  
  28  2:40  Hatchery  
  27  2:47  Drone x4  
  31  2:57  Drone  
  32  3:04  Overlord  
  32  3:05  Drone  
  32  3:06  Queen  
  34  3:14  Drone  
  35  3:20  Overlord  
  35  3:23  Drone x4  
  40  3:27  Zergling x2  
  40  3:29  Zergling x4  
  42  3:39  Spore Crawler  
  41  3:41  Spore Crawler, Queen  
  41  3:42  Drone x2  
  44  3:51  Zergling x4  
  46  4:00  Drone  
  46  4:02  Drone x2  
  49  4:04  Drone x2  
  49  4:06  Drone x3  
  54  4:13  Roach Warren  
  53  4:22  Drone x2  
  53  4:23  Overlord x2  
  55  4:32  Overlord  
  55  4:33  Drone x3, Extractor  
  57  4:39  Spore Crawler  
  57  4:40  Drone  
  57  4:41  Drone x6  
  57  4:43  Evolution Chamber  
  62  4:51  Drone x3  
  62  5:04  Hatchery  
  62  5:05  Drone x4  
  62  5:06  Drone x2  
  67  5:08  Roach x2  
  67  5:10  Drone x2  
  73  5:14  Lair  
  73  5:21  Overlord  
  73  5:22  Drone x3  
  73  5:26  Drone x2  
  78  5:29  Extractor  
  78  5:31  Zerg Missile Weapons Level 1, Extractor x2  
  78  5:32  Overlord  
  75  5:40  Roach  
  75  5:41  Roach x3  
  83  5:46  Roach  
  85  5:52  Overlord  
  85  5:54  Drone x3  
  85  5:56  Extractor  
  87  5:58  Roach x3, Overlord  
  87  6:01  Roach  
  87  6:03  Roach  
  96  6:08  Overlord  
  100  6:11  Roach x3  
  100  6:14  Roach  
  104  6:19  Roach x2  
  104  6:20  Overlord  
  104  6:22  Roach x3  
  113  6:27  Zergling x8  
  113  6:31  Drone x2  
  119  6:39  Queen x2  
  121  6:40  Glial Reconstitution  
  121  6:41  Drone x2  
  121  6:42  Drone x2  
  121  6:43  Drone  
  121  6:45  Spore Crawler  
  125  6:48  Drone x5  
  125  6:52  Drone x3  
  133  7:02  Drone x2  
  133  7:03  Hydralisk Den  
  134  7:12  Overlord  
  134  7:13  Drone x2, Overlord  
  134  7:14  Overlord x3  
  136  7:16  Extractor  
  135  7:28  Zerg Missile Weapons Level 2  
  133  7:34  Hydralisk x11, Grooved Spines  
  154  7:37  Overseer  
  154  7:48  Extractor  
  154  7:49  Drone  
  154  7:53  Spine Crawler, Hydralisk x2  
  154  7:55  Hydralisk x3  
  154  7:58  Roach x3  
  168  8:01  Roach  
  168  8:04  Roach x2  
  168  8:05  Roach  
  176  8:25  Overlord x2  
  176  8:30  Infestation Pit  
  174  8:35  Evolution Chamber  
  174  8:36  Overlord x3  
  174  8:37  Overlord x2  
  173  8:43  Hydralisk  
  173  8:44  Hydralisk x8  
  173  8:46  Muscular Augments  
  173  8:47  Pneumatized Carapace  
  191  8:52  Overlord  
  191  8:57  Roach x3  
  191  8:58  Roach  
  199  9:11  Hive  
  199  9:14  Baneling Nest  
  198  9:17  Roach  
  200  9:36  Hydralisk x2  
  200  9:39  Overseer  
  198  9:49  Hydralisk x2  
  178  9:54  Roach  
  178  9:55  Hydralisk x9  
  178  9:56  Roach  
  178  9:57  Roach x3  
  186  10:00  Roach  
  186  10:01  Roach x2  
  186  10:02  Roach  
  186  10:04  Roach x3  
  200  10:13  Zerg Ground Armor Level 1  
  200  10:20  Spire  
  199  10:32  Hatchery  
  198  10:38  Roach  
  199  10:53  Roach  
  199  10:56  Roach  
  199  11:01  Roach x3, Hydralisk x2  
  170  11:06  Hydralisk  
  170  11:07  Hydralisk  
  170  11:08  Hydralisk x6  
  170  11:09  Roach x7  
  174  11:15  Roach x3  
  174  11:16  Roach x3  
  174  11:17  Roach  
  172  11:18  Roach  
  172  11:20  Hydralisk  
  172  11:22  Roach  
  178  11:26  Roach x2  
  178  11:27  Roach x2  
  178  11:34  Roach x4  
  178  11:37  Roach x3  
  194  11:40  Roach x3  
  194  11:43  Roach x2  
  198  11:48  Roach  
  198  11:54  Roach  
  198  11:57  Hydralisk x2  
  186  12:02  Hydralisk x4  
  186  12:06  Roach  
  186  12:08  Roach x2  
  188  12:12  Hydralisk x2  
  188  12:13  Hydralisk  
  160  12:19  Hydralisk x3  
  160  12:22  Roach x3  
  144  12:25  Roach x2  
  144  12:28  Roach x2  
  144  12:29  Roach  
  138  12:32  Roach x3  
  138  12:33  Roach  
  138  12:36  Roach  
  128  12:39  Roach x2  
  128  12:40  Roach  
  128  12:43  Roach x2  
  122  12:44  Roach  
  122  12:47  Roach  
  128  12:51  Roach  
  128  12:53  Roach  
  128  12:57  Zergling x10  
  137  12:59  Zergling x4  
  137  13:01  Ravager x2  
  137  13:02  Ravager  
  136  13:06  Hydralisk x2  
  140  13:21  Greater Spire  
  140  13:35  Hatchery  
  139  13:44  Hatchery  
  139  13:47  Corruptor  
  140  13:48  Corruptor x2  
  140  13:52  Drone x3  
  146  14:06  Drone  
  146  14:07  Drone, Extractor  
  145  14:27  Corruptor x2  
  149  14:36  Brood Lord x2  
  149  14:37  Corruptor, Brood Lord  
  157  14:40  Overlord  
  157  14:54  Overseer  
  157  14:58  Drone x2  
  157  14:59  Drone x4  
  159  15:03  Brood Lord x2  
  158  15:27  Brood Lord  
  158  15:28  Corruptor x3, Zerg Flyer Weapons Level 1  
  160  15:29  Overseer  
  160  15:34  Drone x4  
  160  15:35  Drone x3  
  173  15:45  Corruptor x2  
  177  16:00  Zerg Missile Weapons Level 3  
  177  16:04  Brood Lord x2  
  177  16:11  Extractor x2  
  176  16:12  Drone x2  
  176  16:20  Brood Lord  
  176  16:21  Brood Lord  
  180  16:29  Drone x2  
  180  16:30  Drone x2  
  181  16:33  Brood Lord  
  181  16:39  Corruptor x2  
  183  16:45  Drone x3, Spine Crawler  
  183  16:46  Spine Crawler  
  184  16:56  Hydralisk x3  
  190  17:12  Brood Lord x2  
  194  17:19  Hydralisk x3  
  200  17:28  Hydralisk  
  200  17:29  Hatchery  
  198  17:33  Drone x3  
  198  17:43  Spore Crawler  
  197  17:50  Hydralisk  
  197  17:51  Hydralisk x5  
  194  18:01  Corruptor x3  
  194  18:04  Zerg Flyer Weapons Level 2  
  200  18:19  Corruptor x2  
  197  18:37  Zerg Ground Armor Level 2  
  184  18:41  Corruptor  
  184  18:42  Corruptor x6  
  190  18:50  Corruptor x2  
  190  18:54  Hydralisk  
  190  18:55  Hydralisk x2  
  200  18:59  Overseer  
  200  19:00  Overseer  
  196  19:23  Hydralisk x2  
  157  19:43  Hydralisk  
  157  19:44  Hydralisk x12  
  144  19:51  Hydralisk  
  134  19:55  Brood Lord  
  134  19:57  Zergling x2  
  137  20:03  Zergling x12  
  137  20:04  Brood Lord  
  137  20:06  Hydralisk  
  147  20:07  Zergling x6  
  150  20:17  Zergling x4  
  122  20:32  Hydralisk x4  
  122  20:35  Zergling x8  
  102  20:42  Hydralisk x3  
  88  20:47  Brood Lord  
  89  20:50  Zergling x8  
  93  20:59  Hydralisk x3  
  93  21:02  Zergling x6  
  102  21:16  Hatchery  
  91  21:42  Brood Lord x2  
  95  21:50  Hatchery  
  94  21:59  Drone x2  
  94  22:00  Drone x3  
  99  22:02  Brood Lord  
  101  22:21  Baneling x2  
  101  22:22  Baneling x4  
  101  22:24  Roach  
  103  22:30  Hydralisk  
  103  22:33  Zergling x2  
  103  22:34  Zergling x18  
  85  22:58  Hydralisk x3  
  85  23:01  Hydralisk x2  
  85  23:02  Hydralisk x2  
  91  23:07  Hydralisk  
  91  23:09  Zergling x2  
  91  23:12  Hydralisk  
  85  23:15  Hydralisk  
  85  23:24  Hydralisk  
  87  23:29  Hydralisk  
  87  23:31  Hydralisk  
  91  23:40  Drone x2  
  92  23:57  Drone, Hydralisk x2  
  95  24:05  Hydralisk  
  95  24:06  Hydralisk x2  
  95  24:09  Hydralisk  
  83  24:32  Hydralisk  
  83  24:33  Hydralisk  
  83  24:34  Hydralisk x2  
  83  24:37  Hydralisk x2  
  83  24:54  Hatchery  
  82  25:00  Lurker Den  
  81  25:11  Hydralisk x2  
  81  25:13  Hydralisk  
  80  25:42  Hatchery  
  79  25:44  Hydralisk x3  
  79  25:47  Roach  
  79  25:48  Roach x2  
  91  26:25  Zergling x4  
  93  26:26  Lurker x4  
  93  26:28  Zergling x14  
  100  26:43  Drone x3  
  90  26:56  Drone x4  
  90  26:57  Drone x2  
  94  27:04  Lurker x2  
  86  27:18  Hydralisk x2  
  86  27:19  Hydralisk  
  92  27:24  Drone x2  
  94  27:37  Adaptive Talons  
  94  27:50  Drone x3  
  94  27:56  Drone, Extractor  
  93  27:59  Extractor  
  87  28:17  Hydralisk x3  
  93  28:22  Drone  
  93  28:23  Drone  
  95  28:29  Drone x2  
  95  28:33  Hydralisk x3  
  95  28:54  Hydralisk x2  
  98  28:57  Overseer  
  96  29:10  Lurker x2  
  96  29:13  Drone  
  96  29:14  Drone  
  89  29:35  Hydralisk x3  
  95  29:44  Drone  
  95  29:45  Drone  
  97  29:50  Overseer  
  97  29:55  Drone  
  97  29:57  Hydralisk x2  
  101  30:16  Hydralisk  
  101  30:17  Hydralisk x3  
  105  30:25  Hydralisk x2  
  97  30:51  Hydralisk x4  
  97  30:52  Hydralisk x2  
  80  31:06  Hydralisk  
  80  31:10  Zergling x2  
  80  31:11  Zergling x12  
  78  31:14  Hydralisk  
  80  31:23  Overseer  
  80  31:34  Hydralisk  
  80  31:37  Zergling x10  
  81  31:41  Hydralisk  
  81  31:43  Zergling x2  
  78  31:47  Zergling x6  
  78  31:52  Hydralisk  
  77  31:54  Zergling x4  
  70  32:30  Hatchery  
  69  32:48  Hydralisk  
  69  32:49  Hydralisk x2  
  74  32:52  Overseer  

Tags
 
Add a new tag
Caveats
  • Supply blocks, unpowered buildings, or Contaminate may cause inaccurate times.
  • Supply counts are checked every 10 seconds.